 Dungeon Crawl Stone Soup version 0.20-a0-2-g2b0e13a (webtiles) character file.

26 FrankyJ the Conjurer (level 2, 0/20 HPs)
             Began as a Demigod Conjurer on Oct 28, 2016.
             Slain by an adder (4 damage)
             ... on level 2 of the Dungeon.
             The game lasted 00:04:02 (1306 turns).

FrankyJ the Conjurer (Demigod Conjurer)             Turns: 1306, Time: 00:04:03

Health: 0/20       AC:  2    Str: 11    XL:     2   Next: 69%
Magic:  5/7        EV: 12    Int: 19    God:
Gold:   57         SH:  0    Dex: 16    Spells: 2 memorised, 2 levels left

rFire  . . .     SeeInvis .     l - +0 dagger
rCold  . . .     Gourm    .     a - +0 robe
rNeg   . . .     Faith    .     (no shield)
rPois  .         Spirit   .     (no helmet)
rElec  .         Reflect  .     (no cloak)
rCorr  .         Harm     .     (no gloves)
MR     .....     Rnd*Tele +     (no boots)
Stlth  ++........               (no amulet)
                                (no ring)
                                n - ring of teleportation (curse)

@: lethally poisoned (0 -> -6)
A: high mp 1
a: no special abilities


You were on level 2 of the Dungeon.
You were not hungry.

You visited 1 branch of the dungeon, and saw 2 of its levels.

You collected 57 gold pieces.

Inventory:

Hand Weapons
 l - a +0 dagger (weapon)
Armour
 a - a +0 robe (worn)
Jewellery
 n - a cursed ring of teleportation (left hand)
Scrolls
 f - 2 scrolls of magic mapping
Potions
 e - a potion of heal wounds {unknown}
 g - a potion of agility {unknown}
 i - a potion of cure mutation {unknown}
 j - 2 potions of cancellation
 k - a potion of invisibility {unknown}
 m - a potion of ambrosia {unknown}
Books
 b - a book of Conjurations

   Spells                             Type                      Level
   a - Magic Dart                     Conjuration                  1
   b - Searing Ray                    Conjuration                  2
   c - Dazzling Spray                 Conjuration/Hexes            3
   d - Fulminant Prism                Conjuration/Hexes            4
   e - Iskenderun's Mystic Blast      Conjuration                  4
   f - Iskenderun's Battlesphere      Conjuration/Charms           5
Comestibles
 c - a bread ration
 d - a meat ration
 h - 5 chunks of flesh


   Skills:
 + Level 1.9 Dodging
 + Level 2.1 Stealth
 * Level 2.4 Spellcasting
 + Level 3.8 Conjurations


You had 2 spell levels left.
You knew the following spells:

 Your Spells              Type           Power        Failure   Level  Hunger
a - Magic Dart            Conj           ###.         4%          1    #......
b - Searing Ray           Conj           ###...       8%          2    ##.....


Dungeon Overview and Level Annotations

Branches:
Dungeon (2/15)

Annotations:
D:2 Sigmund


Innate Abilities, Weirdness & Mutations

You have an increased reservoir of magic. (+10% MP)


Message History

Eating one of 6 chunks of flesh.
You start eating one of the 6 chunks of flesh.
You are feeling hungry.
This raw flesh tastes terrible.
You start resting.
You are suddenly yanked towards a nearby monster!
Your surroundings suddenly seem different.
An adder comes into view.
The adder hisses angrily.
Found a scroll labeled YHICKO WEUVET.
Found an escape hatch in the floor.
Found a stone staircase leading up and a stone staircase leading down.
The adder bites you.
* * * LOW HITPOINT WARNING * * *
You are lethally poisoned!
The adder poisons you! The adder barely misses you.
* * * LOW HITPOINT WARNING * * *
You feel sick. The adder barely misses you.
There is a stone staircase leading up here.
The adder bites you.
You die...

...................#......
...................#......
..?........%......#......
.##................#......
...............$...#......
#........................
#................#......
#.....S.....?.####...... #
##.....@..### ##..... .
#..>.......# #...... .# ##
##..........# #.##### K.
.# .##.......>..# #.#...#
..##.##[##..........#
#.).#.#
#..#....##..........##.
#..##.#
#..................###.#
#..##.#
..w.....##........## #.#
##.###.# ###.##...#
#.###..# #.#


You could see an adder.

Vanquished Creatures
  A worm (D:2)
  A dart slug (D:1)
  2 leopard geckos
  3 bats (D:1)
  A giant cockroach (D:1)
  2 hobgoblins (D:1)
  4 jackals (D:2)
  2 goblins (D:1)
  2 kobolds (D:1)
  A rat (D:1)
19 creatures vanquished.

Notes
Turn   | Place    | Note
-------+----------+-------------------------------------------
     0 | D:1      | FrankyJ the Demigod Conjurer began the quest for the Orb.
     0 | D:1      | Reached XP level 1. HP: 14/14 MP: 5/5
   653 | D:1      | Reached XP level 2. HP: 20/20 MP: 4/7
  1132 | D:2      | Noticed Sigmund
  1257 | D:2      | Learned a level 2 spell: Searing Ray
  1306 | D:2      | Slain by an adder

Vault maps used:
D:1:      minmay_arrival_nine_rooms, st_stairs_1,
          hangedman_decor_clover_reticule
D:2:      uniq_sigmund

Skill      XL: |  1  2 |
---------------+-------+-----
Spellcasting   | 2 |  2.4
Stealth        | 2 |  2.1
Dodging        | |  1.9
Conjurations   | |  3.8

Action                   || total
-------------------------++-------
Melee: Unarmed           ||     7
       Dagger            ||    21
 Cast: Magic Dart        ||    34
       Searing Ray       ||     2
  Use: Scroll            ||     2
  Eat: Chunk             ||     2
Armor: Robe              ||     9
Dodge: Dodged            ||    38
